 Dungeon Crawl Stone Soup version 0.29-a0-1047-g7c58e119a4 (webtiles) character file.

Game seed: 13745635921640438980

50 polve the Trooper (level 3, -1/29 HPs)
             Began as a Demonspawn Abyssal Knight on Aug 16, 2022.
             Was a Believer of Lugonu.
             Slain by a kobold
             ... wielding a +0 whip
              (2 damage)
             ... on level 2 of the Dungeon.
             The game lasted 00:01:31 (2701 turns).

polve the Trooper (Demonspawn Abyssal Knight)       Turns: 2701, Time: 00:01:32

Health: -1/29      AC:  3    Str: 15    XL:     3   Next: 55%
Magic:  4/4        EV: 11    Int: 11    God:    Lugonu [**....]
Gold:   48         SH:  0    Dex: 13    Spells: 2/2 levels left

rFire   . . .      SeeInvis .   a - +1 short sword
rCold   . . .      Faith    .   (no shield)
rNeg    . . .      Spirit   .   b - +0 leather armour
rPois   .          Reflect  .   (no helmet)
rElec   .          Harm     .   (no cloak)
rCorr   .          Rampage  .   (no gloves)
Will    .....                   (no boots)
Stlth   +.........              (no amulet)
HPRegen 0.09/turn               (no ring)
MPRegen 0.09/turn               (no ring)

@: lethally poisoned (-1 -> -10)
A: claws 1
a: Renounce Religion, Depart the Abyss, Bend Space


You were on level 2 of the Dungeon.
You worshipped Lugonu.
Lugonu was pleased with you.
You visited 1 branch of the dungeon, and saw 2 of its levels.
You visited the Abyss 1 time.

You collected 48 gold pieces.

Inventory:

Hand Weapons
 a - a +1 short sword (weapon)
Armour
 b - a +0 leather armour (worn)
Jewellery
 k - a ring of resist corrosion
Scrolls
 d - a scroll of enchant armour {unknown}
 e - 2 scrolls of identify {unknown}
 g - 4 scrolls of teleportation {unknown}
 l - a scroll of poison {unknown}
Potions
 c - a potion of might {unknown}
 f - a potion of lignification {unknown}
 h - a potion of heal wounds {unknown}
 i - a potion of brilliance {unknown}
 j - a potion of resistance {unknown}


   Skills:
 - Level 3.0 Fighting
 - Level 2.5 Short Blades
 - Level 1.7 Armour
 - Level 0.8 Dodging
 + Level 2.3 Unarmed Combat
 - Level 2.4 Invocations


You had 2 spell levels left.
You didn't know any spells.
Your spell library was empty.

Dungeon Overview and Level Annotations

Branches:
Dungeon (2/15)

Altars:


Innate Abilities, Weirdness & Mutations

You have sharp fingernails.


Message History

The adder poisons you!
You are too injured to fight recklessly!
You are too injured to fight recklessly!
You are too injured to fight recklessly!
You are too injured to fight recklessly!
You are too injured to fight recklessly!
You are too injured to fight recklessly!
You are too injured to fight recklessly!
You are too injured to fight recklessly!
You are too injured to fight recklessly!
You are too injured to fight recklessly!
You are too injured to fight recklessly!
You hit the adder.
The adder is lightly wounded.
You feel very sick. The kobold hits you with a +0 whip.
The adder closely misses you.
You hit the adder but do no damage.
The adder is lightly wounded.
You feel sick. The adder bites you. The kobold closely misses you.
The adder misses you.
You miss the adder.
The adder is lightly wounded.
You feel sick. The kobold hits you with a +0 whip. The adder bites you.
You closely miss the adder.
The adder is lightly wounded.
You feel sick. The kobold completely misses you. The adder bites you.
* * * LOW HITPOINT WARNING * * *
You miss the adder.
The adder is lightly wounded.
* * * LOW HITPOINT WARNING * * *
You feel sick. The kobold barely misses you. The adder bites you.
* * * LOW HITPOINT WARNING * * *
You are more poisoned.
The adder poisons you!
You miss the adder.
The adder is lightly wounded.
* * * LOW HITPOINT WARNING * * *
You feel sick. The adder closely misses you.
The kobold hits you with a +0 whip.
You die...

#..... .##.# #....#
#.... #....#
#.#.######## #....#
#.#.#......# #....#
#.#.#.#... # #....#
#.#'#.#.####.#
###....###............#
..'..............K...>#
###....###....##@#.....
##..## #....##S# .#.# #
###'# #....##.. ###..##
#....##### .8...#
..[...+ ....## ###(..#
._.8# ...# ....##
.8...#


You could see an adder and a kobold.

Vanquished Creatures
  An adder (D:2)
  3 dart slugs (D:1)
  3 bats (D:2)
  5 endoplasms
  3 goblins (D:1)
  5 hobgoblins
  5 kobolds
  5 ball pythons
  2 rats (D:1)
32 creatures vanquished.

Notes
Turn   | Place    | Note
-------+----------+-------------------------------------------
     0 | Abyss:1  | polve the Demonspawn Abyssal Knight began the quest for the
                  | Orb.
     0 | Abyss:1  | Reached XP level 1. HP: 18/18 MP: 2/2
   227 | Abyss:1  | Found a corrupted altar of Lugonu.
   347 | Abyss:1  | Noticed an iron imp
   348 | D:1      | Escaped the Abyss
   875 | D:1      | Gained mutation: You have sharp fingernails. [demonic
                  | ancestry]
   875 | D:1      | Reached XP level 2. HP: 20/24 MP: 3/3
  1004 | D:1      | Reached skill level 1 in Unarmed Combat
  1749 | D:1      | Reached XP level 3. HP: 29/29 MP: 4/4
  2426 | D:2      | Found a faded altar of an unknown god.
  2701 | D:2      | HP: 1/29 [poisoned by an adder]
  2701 | D:2      | Slain by a kobold

Illustrated notes

Levels and vault maps discovered:
D:1:      dpeg_arrival_water_fire, layout_loops_ring, glass_columns_a,
          hangedman_abyss_or_decor_stabs
D:2:      layout_basic, hellmonk_ecumenical_altar_slurped_away

Skill      XL: |  1  2  3 |
---------------+----------+-----
Short Blades   | 2 |  2.5
Unarmed Combat | 1 2 |  2.3
Fighting       | |  3.0
Armour         | |  1.7
Dodging        | |  0.8
Invocations    | |  2.4

Action                   || total
-------------------------++-------
Melee: Short sword       ||   122
       Punch             ||     3
Invok: Depart the Abyss  ||     1
 Stab: Sleeping          ||     1
Armor: Leather armour    ||    35
Dodge: Dodged            ||    69

Table legend: (Time is in decaauts)
 A = Elapsed time spent in this place.
 B = Non-inter-level travel time spent in this place.
 C = Inter-level travel time spent in this place.
 D = Time resting spent in this place.
 E = Time spent auto-exploring this place.
 F = Levels seen in this place.
 G = Mean time per level.
                   A        B        C        D        E       F      G
               +--------+--------+--------+--------+--------+-----+--------+
         Total |   2700 |   2671 |     29 |      0 |   2395 |   3 |  900.0 |
       Dungeon |   2352 |   2323 |     29 |      0 |   2049 |   2 | 1176.0 |
         Abyss |    348 |    348 |      0 |      0 |    346 |   1 |  348.0 |
               +--------+--------+--------+--------+--------+-----+--------+

Top non-repeatable levels by time:
     D:1: 1646 daAuts
     D:2: 706 daAuts
 Abyss:1: 348 daAuts
